2854 views
Uploaded 2020-01-01 20:24:34
Game version 1.32.0.4
23:17 long 4on4 ladder game on (8)GoldRush
Saved by BEARAND
2854 views
Uploaded 2020-01-01 20:24:34
Game version 1.32.0.4
23:17 long 4on4 ladder game on (8)GoldRush


116 units @ 8.9k
/ 0.1k
373 buildings @ 28.5k
/ 17.3k



| Lesser Clarity Potion | 7 | 490 |
| Healing Salve | 6 | 600 |
| Orb of Lightning | 3 | 1125 |
| Staff of Teleportation | 3 | 450 |
| Boots of Speed | 3 | 750 |
| Periapt of Vitality | 1 | 325 |
| Staff of Sanctuary | 3 | 750 |
| total: | 26 | 4490g |
| Peon | 36 | 2700 | / | 0 |
| total: | 36 | 2700g | / | 0w |
| Watch Tower | 51 | 5610 | / | 4080 |
| Altar of Storms | 1 | 180 | / | 50 |
| Orc Burrow | 5 | 800 | / | 200 |
| Voodoo Lounge | 2 | 260 | / | 60 |
| War Mill | 2 | 410 | / | 0 |
| Great Hall | 4 | 1540 | / | 740 |
| Beastiary | 4 | 580 | / | 560 |
| Stronghold | 1 | 315 | / | 190 |
| Fortress | 1 | 325 | / | 190 |
| total: | 69 | 9380g | / | 5690w |
| 0:03 | Peon |
| 0:03 | Peon |
| 0:06 | Altar of Storms |
| 0:09 | Orc Burrow |
| 0:30 | Peon |
| 0:44 | Voodoo Lounge |
| 0:47 | Peon |
| 0:59 | Peon |
| 1:07 | Orc Burrow |
| 1:18 | Peon |
| 1:31 | Peon |
| 1:40 | War Mill |
| 1:46 | Peon |
| 1:54 | Peon |
| 2:03 | Peon |
| 2:07 | Wind Walk |
| 2:10 | Lesser Clarity Potion |
| 2:10 | Lesser Clarity Potion |
| 2:11 | Healing Salve |
| 2:14 | Healing Salve |
| 2:17 | Peon |
| 2:31 | Peon |
| 2:45 | Peon |
| 2:45 | Peon |
| 2:51 | Watch Tower |
| 2:58 | Peon |
| 2:58 | Peon |
| 3:22 | Stronghold |
| 3:33 | Watch Tower |
| 3:38 | Watch Tower |
| 3:47 | Staff of Teleportation |
| 4:10 | Boots of Speed |
| 4:21 | Lesser Clarity Potion |
| 4:31 | Watch Tower |
| 4:51 | Critical Strike |
| 5:09 | Watch Tower |
| 5:10 | Watch Tower |
| 5:10 | Watch Tower |
| 5:38 | Watch Tower |
| 5:38 | Watch Tower |
| 5:39 | Watch Tower |
| 6:31 | Fortress |
| 6:46 | Great Hall |
| 7:23 | Great Hall |
| 7:27 | Wind Walk |
| 7:35 | Great Hall |
| 7:37 | Watch Tower |
| 8:02 | Watch Tower |
| 8:02 | Watch Tower |
| 8:06 | Watch Tower |
| 8:49 | Voodoo Lounge |
| 9:05 | Healing Salve |
| 9:08 | Lesser Clarity Potion |
| 9:51 | Watch Tower |
| 9:54 | Hex |
| 9:55 | Orb of Lightning |
| 10:12 | Watch Tower |
| 10:12 | Peon |
| 10:16 | Peon |
| 10:55 | Watch Tower |
| 10:56 | Watch Tower |
| 11:02 | Peon |
| 11:02 | Peon |
| 11:02 | Peon |
| 11:05 | Watch Tower |
| 11:10 | Watch Tower |
| 11:10 | Watch Tower |
| 11:13 | Reinforced Defenses |
| 11:13 | Spiked Barricades |
| 11:45 | Boots of Speed |
| 11:50 | Watch Tower |
| 11:54 | Peon |
| 11:54 | Peon |
| 11:54 | Peon |
| 11:54 | Peon |
| 11:55 | Peon |
| 12:07 | Staff of Sanctuary |
| 12:12 | Staff of Teleportation |
| 12:22 | Staff of Sanctuary |
| 12:28 | Lesser Clarity Potion |
| 12:30 | Lesser Clarity Potion |
| 12:33 | Healing Salve |
| 12:39 | Orb of Lightning |
| 12:44 | Watch Tower |
| 12:49 | Watch Tower |
| 12:53 | Peon |
| 13:12 | Critical Strike |
| 13:28 | Healing Wave |
| 13:32 | Watch Tower |
| 13:34 | Watch Tower |
| 13:34 | Watch Tower |
| 13:36 | Peon |
| 13:36 | Peon |
| 13:37 | Peon |
| 13:37 | Peon |
| 13:45 | Peon |
| 13:45 | Peon |
| 13:46 | Peon |
| 13:48 | War Mill |
| 13:58 | Watch Tower |
| 14:30 | Watch Tower |
| 14:35 | Watch Tower |
| 14:36 | Watch Tower |
| 15:34 | Watch Tower |
| 15:34 | Watch Tower |
| 15:39 | Beastiary |
| 15:40 | Beastiary |
| 15:50 | Watch Tower |
| 15:53 | Watch Tower |
| 16:06 | Critical Strike |
| 16:19 | Orc Burrow |
| 16:27 | Watch Tower |
| 16:28 | Watch Tower |
| 17:20 | Watch Tower |
| 17:21 | Watch Tower |
| 17:25 | Watch Tower |
| 17:26 | Watch Tower |
| 17:29 | Peon |
| 17:29 | Peon |
| 17:33 | Beastiary |
| 17:35 | Beastiary |
| 17:42 | Orc Burrow |
| 17:45 | Orc Burrow |
| 18:09 | Orb of Lightning |
| 18:10 | Healing Salve |
| 18:10 | Healing Salve |
| 18:10 | Lesser Clarity Potion |
| 18:15 | Endurance Aura |
| 18:24 | Hex |
| 18:28 | Staff of Sanctuary |
| 18:37 | Great Hall |
| 18:39 | Watch Tower |
| 18:41 | Watch Tower |
| 18:42 | Watch Tower |
| 18:52 | Boots of Speed |
| 19:48 | Watch Tower |
| 19:48 | Watch Tower |
| 19:52 | Watch Tower |
| 19:52 | Watch Tower |
| 21:01 | Staff of Teleportation |
| 21:03 | Periapt of Vitality |
| 22:25 | Bladestorm |
| 22:56 | Watch Tower |
| 22:59 | Watch Tower |
| 23:01 | Watch Tower |
| Right click | 918 |
| Select group | 249 |
| Select | 240 |
| Build/train/purchase | 142 |
| Use ability | 47 |
| Misc. action | 32 |
| Assign group | 23 |
| Item give/drop | 9 |
| Esc | 8 |



| Lesser Clarity Potion | 4 | 280 |
| Staff of Sanctuary | 3 | 750 |
| Potion of Healing | 1 | 150 |
| Staff of Teleportation | 3 | 450 |
| Boots of Speed | 3 | 750 |
| Periapt of Vitality | 1 | 325 |
| Circlet of Nobility | 1 | 175 |
| Healing Salve | 5 | 500 |
| Orb of Lightning | 2 | 750 |
| total: | 23 | 4130g |
| Peasant | 26 | 1950 | / | 0 |
| Priest | 1 | 135 | / | 10 |
| Dragonhawk Rider | 1 | 200 | / | 30 |
| total: | 28 | 2285g | / | 40w |
| Scout Tower | 78 | 2340 | / | 1560 |
| Arcane Tower | 9 | 630 | / | 450 |
| Guard Tower | 42 | 2940 | / | 2100 |
| Altar of Kings | 1 | 180 | / | 50 |
| Farm | 4 | 320 | / | 80 |
| Lumber Mill | 1 | 120 | / | 0 |
| Town Hall | 4 | 1540 | / | 820 |
| Arcane Vault | 2 | 260 | / | 60 |
| Blacksmith | 1 | 140 | / | 60 |
| Barracks | 1 | 160 | / | 60 |
| Arcane Sanctum | 1 | 150 | / | 140 |
| Gryphon Aviary | 1 | 140 | / | 150 |
| Keep | 1 | 320 | / | 210 |
| Castle | 1 | 360 | / | 210 |
| total: | 94 | 5350g | / | 2980w |
| 0:02 | Peasant |
| 0:02 | Peasant |
| 0:11 | Altar of Kings |
| 0:19 | Farm |
| 0:28 | Peasant |
| 0:29 | Peasant |
| 0:33 | Scout Tower |
| 0:35 | Peasant |
| 0:38 | Farm |
| 0:51 | Peasant |
| 1:08 | Lumber Mill |
| 1:11 | Peasant |
| 1:19 | Peasant |
| 1:28 | Scout Tower |
| 1:29 | Scout Tower |
| 1:49 | Arcane Tower |
| 1:56 | Peasant |
| 1:58 | Peasant |
| 2:03 | Peasant |
| 2:10 | Blizzard |
| 2:16 | Guard Tower |
| 2:20 | Peasant |
| 2:20 | Peasant |
| 2:52 | Peasant |
| 2:52 | Peasant |
| 3:07 | Town Hall |
| 3:12 | Peasant |
| 3:22 | Guard Tower |
| 3:26 | Healing Salve |
| 3:41 | Scout Tower |
| 3:43 | Scout Tower |
| 3:49 | Scout Tower |
| 3:49 | Scout Tower |
| 4:09 | Staff of Teleportation |
| 4:11 | Boots of Speed |
| 4:24 | Arcane Tower |
| 4:24 | Peasant |
| 4:35 | Scout Tower |
| 4:36 | Guard Tower |
| 4:55 | Keep |
| 5:01 | Guard Tower |
| 5:02 | Scout Tower |
| 5:08 | Peasant |
| 5:08 | Peasant |
| 5:19 | Improved Masonry |
| 5:21 | Scout Tower |
| 5:21 | Scout Tower |
| 5:22 | Scout Tower |
| 5:22 | Scout Tower |
| 5:25 | Farm |
| 5:27 | Brilliance Aura |
| 5:57 | Guard Tower |
| 5:59 | Farm |
| 6:13 | Guard Tower |
| 6:13 | Peasant |
| 6:15 | Scout Tower |
| 6:16 | Scout Tower |
| 6:16 | Scout Tower |
| 6:16 | Scout Tower |
| 6:17 | Scout Tower |
| 6:18 | Scout Tower |
| 6:18 | Scout Tower |
| 6:38 | Guard Tower |
| 6:43 | Scout Tower |
| 6:44 | Scout Tower |
| 6:45 | Scout Tower |
| 6:45 | Scout Tower |
| 6:48 | Scout Tower |
| 6:48 | Scout Tower |
| 6:49 | Scout Tower |
| 6:49 | Scout Tower |
| 7:04 | Guard Tower |
| 7:10 | Peasant |
| 7:10 | Peasant |
| 7:11 | Peasant |
| 7:11 | Peasant |
| 7:19 | Healing Salve |
| 7:20 | Lesser Clarity Potion |
| 7:25 | Guard Tower |
| 7:27 | Scout Tower |
| 7:27 | Scout Tower |
| 7:27 | Scout Tower |
| 7:28 | Scout Tower |
| 7:29 | Scout Tower |
| 7:29 | Scout Tower |
| 8:14 | Guard Tower |
| 8:19 | Improved Lumber Harvesting |
| 8:38 | Arcane Sanctum |
| 8:41 | Arcane Tower |
| 8:52 | Guard Tower |
| 9:16 | Storm Bolt |
| 9:31 | Castle |
| 9:34 | Advanced Masonry |
| 9:36 | Guard Tower |
| 9:48 | Guard Tower |
| 9:48 | Guard Tower |
| 9:53 | Boots of Speed |
| 9:53 | Staff of Teleportation |
| 10:05 | Guard Tower |
| 10:06 | Guard Tower |
| 10:50 | Town Hall |
| 10:53 | Scout Tower |
| 10:53 | Scout Tower |
| 10:54 | Scout Tower |
| 10:54 | Scout Tower |
| 10:55 | Scout Tower |
| 10:55 | Scout Tower |
| 10:56 | Scout Tower |
| 10:57 | Scout Tower |
| 11:07 | Guard Tower |
| 11:08 | Magic Sentry |
| 11:09 | Priest |
| 11:11 | Guard Tower |
| 11:12 | Guard Tower |
| 12:13 | Arcane Vault |
| 12:14 | Arcane Vault |
| 12:16 | Guard Tower |
| 12:22 | Lesser Clarity Potion |
| 12:23 | Healing Salve |
| 12:34 | Arcane Tower |
| 12:34 | Guard Tower |
| 12:35 | Guard Tower |
| 12:36 | Guard Tower |
| 12:36 | Guard Tower |
| 12:41 | Arcane Tower |
| 12:58 | Guard Tower |
| 12:58 | Arcane Tower |
| 13:01 | Advanced Lumber Harvesting |
| 13:01 | Imbued Masonry |
| 13:04 | Holy Light |
| 13:13 | Blizzard |
| 13:23 | Peasant |
| 13:23 | Peasant |
| 13:27 | Boots of Speed |
| 13:29 | Periapt of Vitality |
| 13:42 | Circlet of Nobility |
| 13:48 | Scout Tower |
| 13:49 | Scout Tower |
| 13:50 | Scout Tower |
| 13:50 | Scout Tower |
| 13:52 | Scout Tower |
| 13:52 | Scout Tower |
| 14:01 | Scout Tower |
| 14:02 | Scout Tower |
| 14:03 | Scout Tower |
| 14:03 | Scout Tower |
| 14:05 | Scout Tower |
| 14:06 | Scout Tower |
| 14:06 | Scout Tower |
| 14:07 | Scout Tower |
| 14:07 | Scout Tower |
| 14:07 | Scout Tower |
| 14:19 | Staff of Sanctuary |
| 14:20 | Staff of Sanctuary |
| 14:36 | Bash |
| 14:39 | Staff of Teleportation |
| 14:49 | Gryphon Aviary |
| 14:51 | Blacksmith |
| 14:52 | Barracks |
| 14:53 | Priest Adept Training |
| 15:01 | Arcane Tower |
| 15:01 | Guard Tower |
| 15:19 | Scout Tower |
| 15:20 | Scout Tower |
| 15:20 | Scout Tower |
| 15:20 | Scout Tower |
| 15:21 | Scout Tower |
| 15:22 | Scout Tower |
| 15:50 | Guard Tower |
| 15:54 | Guard Tower |
| 15:54 | Guard Tower |
| 16:19 | Guard Tower |
| 17:51 | Guard Tower |
| 17:54 | Guard Tower |
| 17:56 | Scout Tower |
| 17:57 | Scout Tower |
| 18:03 | Town Hall |
| 18:07 | Town Hall |
| 18:09 | Scout Tower |
| 18:10 | Scout Tower |
| 18:11 | Scout Tower |
| 18:11 | Scout Tower |
| 18:11 | Scout Tower |
| 18:12 | Scout Tower |
| 18:14 | Studded Leather Armor |
| 18:18 | Dragonhawk Rider |
| 18:30 | Orb of Lightning |
| 18:31 | Healing Salve |
| 18:44 | Lesser Clarity Potion |
| 18:52 | Animal War Training |
| 18:55 | Scout Tower |
| 18:55 | Scout Tower |
| 18:56 | Scout Tower |
| 18:56 | Scout Tower |
| 18:56 | Scout Tower |
| 18:57 | Scout Tower |
| 19:39 | Guard Tower |
| 19:41 | Arcane Tower |
| 19:41 | Guard Tower |
| 19:56 | Guard Tower |
| 20:22 | Brilliance Aura |
| 20:51 | Lesser Clarity Potion |
| 20:51 | Orb of Lightning |
| 21:22 | Divine Shield |
| 21:28 | Healing Salve |
| 21:35 | Potion of Healing |
| 21:46 | Storm Bolt |
| 22:40 | Staff of Sanctuary |
| Right click | 2019 |
| Select | 627 |
| Select group | 362 |
| Build/train/purchase | 169 |
| Chat | 99 |
| Use ability | 89 |
| Minimap ping | 11 |
| Assign group | 10 |
| Misc. action | 7 |
| Item give/drop | 6 |
| Resource trade | 5 |
| Remove unit | 2 |


| Healing Salve | 2 | 200 |
| Lesser Clarity Potion | 1 | 70 |
| Orb of Lightning | 1 | 375 |
| Boots of Speed | 2 | 500 |
| Staff of Teleportation | 1 | 150 |
| Staff of Sanctuary | 2 | 500 |
| total: | 9 | 1795g |
| Peon | 23 | 1725 | / | 0 |
| total: | 23 | 1725g | / | 0w |
| Watch Tower | 40 | 4400 | / | 3200 |
| Altar of Storms | 1 | 180 | / | 50 |
| Orc Burrow | 3 | 480 | / | 120 |
| War Mill | 1 | 205 | / | 0 |
| Voodoo Lounge | 1 | 130 | / | 30 |
| Great Hall | 2 | 770 | / | 370 |
| Beastiary | 7 | 1015 | / | 980 |
| Stronghold | 1 | 315 | / | 190 |
| Fortress | 1 | 325 | / | 190 |
| total: | 55 | 7180g | / | 4750w |
| 0:02 | Peon |
| 0:02 | Peon |
| 0:06 | Altar of Storms |
| 0:19 | Orc Burrow |
| 0:32 | Peon |
| 0:37 | War Mill |
| 0:48 | Peon |
| 0:57 | Peon |
| 1:13 | Peon |
| 1:24 | Voodoo Lounge |
| 1:27 | Peon |
| 1:40 | Peon |
| 1:49 | Watch Tower |
| 2:06 | Orc Burrow |
| 2:08 | Wind Walk |
| 2:15 | Peon |
| 2:15 | Peon |
| 2:33 | Watch Tower |
| 2:57 | Watch Tower |
| 3:34 | Peon |
| 3:34 | Peon |
| 3:39 | Watch Tower |
| 3:41 | Healing Salve |
| 3:42 | Lesser Clarity Potion |
| 3:56 | Watch Tower |
| 4:12 | Stronghold |
| 4:21 | Watch Tower |
| 4:27 | Watch Tower |
| 4:45 | Watch Tower |
| 5:23 | Great Hall |
| 5:47 | Watch Tower |
| 5:57 | Watch Tower |
| 6:11 | Boots of Speed |
| 6:12 | Staff of Teleportation |
| 6:37 | Peon |
| 6:37 | Peon |
| 6:44 | Watch Tower |
| 7:32 | Critical Strike |
| 7:47 | Watch Tower |
| 7:54 | Peon |
| 7:54 | Peon |
| 7:54 | Peon |
| 7:54 | Peon |
| 8:00 | Peon |
| 8:38 | Hex |
| 8:54 | Watch Tower |
| 9:00 | Orc Burrow |
| 9:03 | Watch Tower |
| 9:05 | Spiked Barricades |
| 9:05 | Reinforced Defenses |
| 9:09 | Beastiary |
| 9:29 | Boots of Speed |
| 9:41 | Watch Tower |
| 9:45 | Watch Tower |
| 9:49 | Watch Tower |
| 9:52 | Watch Tower |
| 9:59 | Watch Tower |
| 10:21 | Watch Tower |
| 10:44 | Fortress |
| 11:00 | Watch Tower |
| 11:07 | Watch Tower |
| 12:05 | Watch Tower |
| 12:09 | Beastiary |
| 12:12 | Watch Tower |
| 12:27 | Healing Salve |
| 12:43 | Beastiary |
| 13:10 | Watch Tower |
| 13:16 | Healing Wave |
| 13:24 | Watch Tower |
| 14:06 | Watch Tower |
| 14:07 | Watch Tower |
| 14:09 | Watch Tower |
| 14:31 | Watch Tower |
| 14:42 | Orb of Lightning |
| 15:12 | Beastiary |
| 15:31 | Liquid Fire |
| 16:02 | Wind Walk |
| 16:16 | Watch Tower |
| 16:17 | Watch Tower |
| 16:19 | Watch Tower |
| 16:52 | Watch Tower |
| 17:36 | Beastiary |
| 17:41 | Peon |
| 17:41 | Peon |
| 18:04 | Watch Tower |
| 19:03 | Staff of Sanctuary |
| 19:05 | Staff of Sanctuary |
| 19:51 | Great Hall |
| 19:54 | Watch Tower |
| 20:04 | Peon |
| 20:04 | Peon |
| 20:18 | Watch Tower |
| 20:58 | Watch Tower |
| 20:59 | Watch Tower |
| 21:46 | Healing Wave |
| 22:05 | Critical Strike |
| 22:31 | Watch Tower |
| 22:45 | Beastiary |
| 22:48 | Beastiary |
| Right click | 1818 |
| Select | 403 |
| Select group | 162 |
| Build/train/purchase | 68 |
| Misc. action | 52 |
| Use ability | 29 |
| Assign group | 7 |
| Item give/drop | 2 |
| Esc | 1 |
| Minimap ping | 1 |



| Lesser Clarity Potion | 1 | 70 |
| Staff of Sanctuary | 3 | 750 |
| Orb of Fire | 2 | 650 |
| Boots of Speed | 3 | 750 |
| Periapt of Vitality | 2 | 650 |
| Staff of Teleportation | 3 | 450 |
| Circlet of Nobility | 1 | 175 |
| Healing Salve | 1 | 100 |
| Orb of Lightning | 1 | 375 |
| total: | 17 | 3970g |
| Peasant | 28 | 2100 | / | 0 |
| Priest | 1 | 135 | / | 10 |
| total: | 29 | 2235g | / | 10w |
| Scout Tower | 139 | 4170 | / | 2780 |
| Arcane Tower | 5 | 350 | / | 250 |
| Guard Tower | 33 | 2310 | / | 1650 |
| Altar of Kings | 1 | 180 | / | 50 |
| Farm | 5 | 400 | / | 100 |
| Lumber Mill | 1 | 120 | / | 0 |
| Town Hall | 2 | 770 | / | 410 |
| Arcane Vault | 3 | 390 | / | 90 |
| Blacksmith | 1 | 140 | / | 60 |
| Barracks | 1 | 160 | / | 60 |
| Arcane Sanctum | 1 | 150 | / | 140 |
| Gryphon Aviary | 1 | 140 | / | 150 |
| Keep | 1 | 320 | / | 210 |
| Castle | 1 | 360 | / | 210 |
| total: | 155 | 6620g | / | 3840w |
| 0:03 | Peasant |
| 0:03 | Peasant |
| 0:07 | Altar of Kings |
| 0:10 | Farm |
| 0:15 | Peasant |
| 0:23 | Peasant |
| 0:42 | Scout Tower |
| 0:45 | Peasant |
| 0:50 | Lumber Mill |
| 0:56 | Peasant |
| 1:01 | Farm |
| 1:08 | Peasant |
| 1:17 | Peasant |
| 1:19 | Arcane Tower |
| 1:39 | Peasant |
| 1:42 | Scout Tower |
| 1:44 | Peasant |
| 2:03 | Peasant |
| 2:06 | Scout Tower |
| 2:17 | Farm |
| 2:19 | Peasant |
| 2:21 | Guard Tower |
| 2:24 | Blizzard |
| 2:37 | Peasant |
| 2:39 | Guard Tower |
| 3:10 | Peasant |
| 3:21 | Peasant |
| 3:29 | Town Hall |
| 3:42 | Scout Tower |
| 3:43 | Scout Tower |
| 3:46 | Peasant |
| 3:47 | Peasant |
| 3:59 | Brilliance Aura |
| 4:08 | Peasant |
| 4:08 | Peasant |
| 4:12 | Scout Tower |
| 4:27 | Arcane Tower |
| 4:31 | Healing Salve |
| 4:31 | Lesser Clarity Potion |
| 4:43 | Peasant |
| 4:44 | Guard Tower |
| 4:46 | Guard Tower |
| 4:52 | Peasant |
| 4:55 | Boots of Speed |
| 5:08 | Keep |
| 5:18 | Scout Tower |
| 5:19 | Scout Tower |
| 5:26 | Scout Tower |
| 5:26 | Scout Tower |
| 5:27 | Scout Tower |
| 5:29 | Scout Tower |
| 5:39 | Improved Masonry |
| 5:54 | Scout Tower |
| 5:54 | Scout Tower |
| 5:55 | Scout Tower |
| 5:55 | Scout Tower |
| 5:56 | Guard Tower |
| 6:03 | Guard Tower |
| 6:06 | Peasant |
| 6:06 | Peasant |
| 6:32 | Guard Tower |
| 6:35 | Scout Tower |
| 6:36 | Scout Tower |
| 6:37 | Peasant |
| 6:47 | Scout Tower |
| 6:48 | Scout Tower |
| 6:49 | Scout Tower |
| 6:50 | Scout Tower |
| 6:51 | Scout Tower |
| 6:52 | Scout Tower |
| 6:52 | Scout Tower |
| 6:53 | Scout Tower |
| 7:09 | Guard Tower |
| 7:21 | Guard Tower |
| 7:31 | Periapt of Vitality |
| 7:31 | Staff of Teleportation |
| 7:48 | Castle |
| 7:56 | Improved Lumber Harvesting |
| 8:02 | Arcane Sanctum |
| 8:26 | Storm Bolt |
| 8:27 | Guard Tower |
| 8:29 | Peasant |
| 8:30 | Scout Tower |
| 8:31 | Scout Tower |
| 8:32 | Scout Tower |
| 9:16 | Farm |
| 9:19 | Farm |
| 9:20 | Advanced Masonry |
| 9:23 | Guard Tower |
| 9:24 | Scout Tower |
| 9:25 | Scout Tower |
| 9:26 | Scout Tower |
| 9:26 | Scout Tower |
| 9:28 | Staff of Teleportation |
| 9:28 | Boots of Speed |
| 9:30 | Circlet of Nobility |
| 9:43 | Guard Tower |
| 9:47 | Magic Sentry |
| 10:09 | Arcane Vault |
| 10:12 | Arcane Vault |
| 10:13 | Arcane Vault |
| 10:23 | Guard Tower |
| 10:27 | Arcane Tower |
| 10:37 | Blizzard |
| 10:52 | Peasant |
| 10:52 | Peasant |
| 10:53 | Peasant |
| 10:55 | Advanced Lumber Harvesting |
| 10:57 | Imbued Masonry |
| 11:14 | Holy Light |
| 11:34 | Town Hall |
| 11:38 | Scout Tower |
| 11:39 | Scout Tower |
| 11:40 | Scout Tower |
| 11:41 | Scout Tower |
| 11:41 | Scout Tower |
| 11:42 | Scout Tower |
| 11:42 | Scout Tower |
| 11:54 | Scout Tower |
| 11:54 | Scout Tower |
| 11:55 | Scout Tower |
| 11:56 | Scout Tower |
| 12:12 | Bash |
| 12:23 | Scout Tower |
| 12:23 | Scout Tower |
| 12:24 | Scout Tower |
| 12:25 | Scout Tower |
| 12:25 | Scout Tower |
| 12:28 | Scout Tower |
| 12:28 | Scout Tower |
| 12:29 | Scout Tower |
| 12:29 | Scout Tower |
| 12:30 | Scout Tower |
| 12:31 | Scout Tower |
| 12:54 | Divine Shield |
| 13:01 | Guard Tower |
| 13:03 | Scout Tower |
| 13:04 | Scout Tower |
| 13:05 | Scout Tower |
| 13:05 | Scout Tower |
| 13:06 | Scout Tower |
| 13:06 | Scout Tower |
| 13:09 | Blacksmith |
| 13:18 | Staff of Sanctuary |
| 13:42 | Priest |
| 13:43 | Priest Adept Training |
| 13:47 | Scout Tower |
| 13:48 | Scout Tower |
| 13:48 | Scout Tower |
| 13:49 | Scout Tower |
| 13:50 | Scout Tower |
| 13:50 | Scout Tower |
| 13:51 | Scout Tower |
| 13:51 | Scout Tower |
| 13:54 | Scout Tower |
| 13:55 | Scout Tower |
| 13:57 | Scout Tower |
| 13:57 | Scout Tower |
| 13:58 | Scout Tower |
| 13:59 | Scout Tower |
| 14:01 | Scout Tower |
| 14:01 | Scout Tower |
| 14:02 | Scout Tower |
| 14:02 | Scout Tower |
| 14:03 | Scout Tower |
| 14:04 | Scout Tower |
| 14:19 | Guard Tower |
| 14:27 | Arcane Tower |
| 14:30 | Scout Tower |
| 14:30 | Scout Tower |
| 14:30 | Scout Tower |
| 14:39 | Arcane Tower |
| 14:43 | Boots of Speed |
| 14:54 | Guard Tower |
| 15:03 | Guard Tower |
| 15:20 | Orb of Lightning |
| 15:25 | Guard Tower |
| 15:31 | Guard Tower |
| 15:43 | Staff of Sanctuary |
| 15:48 | Staff of Sanctuary |
| 16:03 | Orb of Fire |
| 16:04 | Orb of Fire |
| 16:21 | Guard Tower |
| 16:22 | Scout Tower |
| 16:22 | Scout Tower |
| 16:23 | Scout Tower |
| 16:24 | Scout Tower |
| 16:24 | Scout Tower |
| 16:24 | Scout Tower |
| 16:25 | Scout Tower |
| 16:26 | Scout Tower |
| 16:26 | Scout Tower |
| 16:27 | Scout Tower |
| 16:27 | Scout Tower |
| 16:28 | Scout Tower |
| 17:22 | Guard Tower |
| 17:29 | Staff of Teleportation |
| 17:32 | Periapt of Vitality |
| 18:00 | Guard Tower |
| 18:02 | Guard Tower |
| 18:06 | Scout Tower |
| 18:07 | Scout Tower |
| 18:09 | Scout Tower |
| 18:09 | Scout Tower |
| 18:14 | Barracks |
| 18:17 | Gryphon Aviary |
| 18:28 | Guard Tower |
| 18:48 | Brilliance Aura |
| 19:08 | Guard Tower |
| 19:09 | Scout Tower |
| 19:10 | Scout Tower |
| 19:11 | Scout Tower |
| 19:11 | Scout Tower |
| 19:12 | Scout Tower |
| 19:12 | Scout Tower |
| 19:13 | Scout Tower |
| 19:14 | Scout Tower |
| 19:14 | Scout Tower |
| 19:15 | Scout Tower |
| 19:16 | Scout Tower |
| 19:16 | Scout Tower |
| 19:17 | Scout Tower |
| 19:18 | Scout Tower |
| 19:19 | Scout Tower |
| 19:44 | Scout Tower |
| 19:44 | Scout Tower |
| 19:45 | Scout Tower |
| 19:45 | Scout Tower |
| 19:46 | Scout Tower |
| 19:46 | Scout Tower |
| 19:47 | Scout Tower |
| 19:47 | Scout Tower |
| 19:48 | Scout Tower |
| 19:49 | Scout Tower |
| 19:50 | Scout Tower |
| 19:50 | Scout Tower |
| 19:51 | Scout Tower |
| 19:52 | Scout Tower |
| 19:52 | Scout Tower |
| 19:53 | Scout Tower |
| 19:54 | Scout Tower |
| 19:54 | Scout Tower |
| 19:55 | Scout Tower |
| 19:55 | Scout Tower |
| 19:59 | Guard Tower |
| 20:01 | Guard Tower |
| 20:33 | Animal War Training |
| 20:34 | Cloud |
| 20:35 | Studded Leather Armor |
| 20:37 | Storm Bolt |
| 20:46 | Guard Tower |
| 21:35 | Holy Light |
| 22:10 | Bash |
| 22:28 | Guard Tower |
| 22:30 | Guard Tower |
| 22:33 | Scout Tower |
| 22:34 | Scout Tower |
| 22:34 | Scout Tower |
| 22:35 | Scout Tower |
| 22:37 | Guard Tower |
| 22:46 | Guard Tower |
| 23:00 | Guard Tower |
| Right click | 1145 |
| Select group | 1053 |
| Select | 277 |
| Build/train/purchase | 133 |
| Use ability | 85 |
| Misc. action | 49 |
| Assign group | 12 |
| Item give/drop | 8 |
| Chat | 7 |
| Minimap ping | 6 |
| Esc | 1 |
194 units @ 26.1k
/ 3.3k
72 buildings @ 12.6k
/ 5.3k



| Ritual Dagger | 1 | 125 |
| Rod of Necromancy | 1 | 150 |
| Potion of Mana | 1 | 200 |
| total: | 3 | 475g |
| Acolyte | 17 | 1275 | / | 0 |
| Ghoul | 4 | 480 | / | 0 |
| Crypt Fiend | 25 | 5375 | / | 1000 |
| total: | 46 | 7130g | / | 1000w |
| Spirit Tower | 3 | 435 | / | 120 |
| Nerubian Tower | 2 | 200 | / | 40 |
| Altar of Darkness | 1 | 180 | / | 50 |
| Ziggurat | 5 | 750 | / | 250 |
| Crypt | 1 | 200 | / | 50 |
| Graveyard | 1 | 215 | / | 0 |
| Tomb of Relics | 1 | 130 | / | 30 |
| Necropolis | 2 | 450 | / | 0 |
| Sacrificial Pit | 1 | 75 | / | 150 |
| Boneyard | 1 | 175 | / | 200 |
| Halls of the Dead | 1 | 320 | / | 210 |
| Black Citadel | 1 | 325 | / | 230 |
| total: | 13 | 2175g | / | 730w |
| 0:09 | Acolyte |
| 0:09 | Acolyte |
| 0:16 | Altar of Darkness |
| 0:22 | Ziggurat |
| 0:38 | Crypt |
| 0:58 | Ziggurat |
| 1:45 | Ghoul |
| 1:45 | Ghoul |
| 1:45 | Ghoul |
| 1:46 | Ghoul |
| 1:57 | Ziggurat |
| 2:27 | Graveyard |
| 3:05 | Frost Nova |
| 4:12 | Tomb of Relics |
| 4:35 | Halls of the Dead |
| 4:41 | Crypt Fiend |
| 4:41 | Crypt Fiend |
| 4:41 | Crypt Fiend |
| 4:41 | Crypt Fiend |
| 4:42 | Crypt Fiend |
| 4:56 | Crypt Fiend |
| 5:17 | Ziggurat |
| 5:44 | Ritual Dagger |
| 5:45 | Rod of Necromancy |
| 7:39 | Dark Ritual |
| 8:19 | Potion of Mana |
| 9:02 | Sacrificial Pit |
| 9:11 | Spirit Tower |
| 9:19 | Nerubian Tower |
| 9:24 | Spirit Tower |
| 9:27 | Spirit Tower |
| 9:32 | Creature Attack |
| 9:33 | Creature Carapace |
| 9:44 | Black Citadel |
| 9:54 | Web |
| 9:55 | Crypt Fiend |
| 9:55 | Crypt Fiend |
| 9:55 | Crypt Fiend |
| 9:56 | Crypt Fiend |
| 9:56 | Crypt Fiend |
| 10:20 | Necropolis |
| 10:56 | Improved Creature Attack |
| 12:20 | Necropolis |
| 13:32 | Acolyte |
| 13:33 | Acolyte |
| 13:33 | Acolyte |
| 13:33 | Acolyte |
| 13:33 | Acolyte |
| 13:41 | Burrow |
| 13:42 | Crypt Fiend |
| 13:42 | Crypt Fiend |
| 13:42 | Crypt Fiend |
| 13:43 | Crypt Fiend |
| 13:59 | Ziggurat |
| 15:26 | Acolyte |
| 15:26 | Acolyte |
| 15:27 | Acolyte |
| 15:27 | Acolyte |
| 15:28 | Acolyte |
| 15:46 | Advanced Creature Attack |
| 15:46 | Improved Creature Carapace |
| 15:57 | Nerubian Tower |
| 17:35 | Acolyte |
| 17:36 | Acolyte |
| 17:36 | Acolyte |
| 17:36 | Acolyte |
| 17:37 | Acolyte |
| 18:00 | Crypt Fiend |
| 18:00 | Crypt Fiend |
| 18:01 | Crypt Fiend |
| 18:01 | Crypt Fiend |
| 18:01 | Crypt Fiend |
| 18:01 | Crypt Fiend |
| 18:01 | Crypt Fiend |
| 18:01 | Crypt Fiend |
| 18:41 | Boneyard |
| 19:05 | Crypt Fiend |
| 19:05 | Crypt Fiend |
| 19:30 | Vampiric Aura |
| 20:04 | Unholy Aura |
| Right click | 1408 |
| Select | 214 |
| Build/train/purchase | 73 |
| Use ability | 16 |
| Resource trade | 12 |
| Esc | 3 |



| Rod of Necromancy | 1 | 150 |
| Potion of Healing | 1 | 150 |
| Orb of Corruption | 1 | 375 |
| Scroll of Town Portal | 2 | 700 |
| total: | 5 | 1375g |
| Acolyte | 19 | 1425 | / | 0 |
| Ghoul | 6 | 720 | / | 0 |
| Crypt Fiend | 8 | 1720 | / | 320 |
| Obsidian Statue | 2 | 400 | / | 70 |
| Frost Wyrm | 7 | 2695 | / | 840 |
| total: | 42 | 6960g | / | 1230w |
| Nerubian Tower | 3 | 300 | / | 60 |
| Spirit Tower | 4 | 580 | / | 160 |
| Crypt | 1 | 200 | / | 50 |
| Ziggurat | 8 | 1200 | / | 400 |
| Graveyard | 1 | 215 | / | 0 |
| Altar of Darkness | 1 | 180 | / | 50 |
| Tomb of Relics | 1 | 130 | / | 30 |
| Necropolis | 2 | 450 | / | 0 |
| Sacrificial Pit | 1 | 75 | / | 150 |
| Slaughterhouse | 1 | 140 | / | 135 |
| Boneyard | 2 | 350 | / | 400 |
| Halls of the Dead | 1 | 320 | / | 210 |
| Black Citadel | 1 | 325 | / | 230 |
| total: | 18 | 2940g | / | 1215w |
| 0:04 | Acolyte |
| 0:05 | Acolyte |
| 0:14 | Crypt |
| 0:18 | Ziggurat |
| 0:26 | Acolyte |
| 0:43 | Graveyard |
| 1:02 | Altar of Darkness |
| 1:15 | Ghoul |
| 1:28 | Ziggurat |
| 1:49 | Tomb of Relics |
| 1:53 | Ghoul |
| 2:14 | Crypt Fiend |
| 2:30 | Nerubian Tower |
| 2:46 | Crypt Fiend |
| 3:03 | Rod of Necromancy |
| 3:14 | Death Coil |
| 3:22 | Crypt Fiend |
| 3:40 | Acolyte |
| 3:57 | Crypt Fiend |
| 4:24 | Halls of the Dead |
| 4:26 | Unholy Aura |
| 5:30 | Ziggurat |
| 6:01 | Ziggurat |
| 6:29 | Death Coil |
| 6:34 | Crypt Fiend |
| 7:05 | Ghoul |
| 7:05 | Ghoul |
| 7:16 | Acolyte |
| 7:16 | Acolyte |
| 7:16 | Acolyte |
| 7:17 | Acolyte |
| 7:28 | Ghoul |
| 7:29 | Ghoul |
| 7:53 | Frost Nova |
| 8:06 | Ziggurat |
| 8:07 | Ziggurat |
| 8:15 | Acolyte |
| 8:19 | Web |
| 8:36 | Potion of Healing |
| 8:38 | Scroll of Town Portal |
| 8:41 | Creature Attack |
| 9:06 | Black Citadel |
| 9:10 | Sacrificial Pit |
| 9:12 | Spirit Tower |
| 9:20 | Slaughterhouse |
| 9:53 | Creature Carapace |
| 9:54 | Crypt Fiend |
| 9:56 | Burrow |
| 10:23 | Crypt Fiend |
| 10:39 | Nerubian Tower |
| 10:40 | Spirit Tower |
| 10:45 | Necropolis |
| 10:49 | Crypt Fiend |
| 10:50 | Obsidian Statue |
| 10:53 | Unholy Aura |
| 10:58 | Frost Armor |
| 11:06 | Necropolis |
| 11:27 | Boneyard |
| 11:29 | Boneyard |
| 11:39 | Black Arrow |
| 12:20 | Acolyte |
| 12:20 | Acolyte |
| 12:20 | Acolyte |
| 12:21 | Acolyte |
| 12:24 | Ziggurat |
| 12:25 | Ziggurat |
| 12:41 | Improved Creature Attack |
| 12:52 | Frost Wyrm |
| 13:10 | Freezing Breath |
| 13:11 | Improved Creature Carapace |
| 14:05 | Frost Wyrm |
| 14:15 | Nerubian Tower |
| 14:16 | Spirit Tower |
| 14:59 | Obsidian Statue |
| 15:09 | Frost Wyrm |
| 16:56 | Frost Wyrm |
| 16:56 | Frost Wyrm |
| 16:56 | Frost Wyrm |
| 17:33 | Scroll of Town Portal |
| 17:34 | Orb of Corruption |
| 17:57 | Acolyte |
| 17:57 | Acolyte |
| 18:33 | Acolyte |
| 18:33 | Acolyte |
| 18:33 | Acolyte |
| 18:33 | Acolyte |
| 20:02 | Frost Wyrm |
| Right click | 1184 |
| Select group | 338 |
| Select | 248 |
| Build/train/purchase | 82 |
| Use ability | 79 |
| Assign group | 35 |
| Minimap ping | 18 |
| Misc. action | 4 |
| Item give/drop | 3 |
| Remove unit | 3 |


| Healing Salve | 1 | 100 |
| Lesser Clarity Potion | 1 | 70 |
| total: | 2 | 170g |
| Peon | 29 | 2175 | / | 0 |
| Grunt | 8 | 1600 | / | 0 |
| Tauren | 8 | 2240 | / | 640 |
| Shaman | 5 | 650 | / | 100 |
| total: | 50 | 6665g | / | 740w |
| Watch Tower | 3 | 330 | / | 240 |
| Altar of Storms | 1 | 180 | / | 50 |
| Orc Burrow | 7 | 1120 | / | 280 |
| Barracks | 2 | 360 | / | 100 |
| War Mill | 2 | 410 | / | 0 |
| Voodoo Lounge | 2 | 260 | / | 60 |
| Great Hall | 4 | 1540 | / | 740 |
| Spirit Lodge | 2 | 300 | / | 300 |
| Tauren Totem | 2 | 270 | / | 310 |
| Stronghold | 1 | 315 | / | 190 |
| Fortress | 1 | 325 | / | 190 |
| total: | 25 | 4770g | / | 2080w |
| 0:03 | Peon |
| 0:04 | Peon |
| 0:04 | Peon |
| 0:04 | Peon |
| 0:10 | Altar of Storms |
| 0:20 | Orc Burrow |
| 0:37 | Orc Burrow |
| 0:49 | Peon |
| 0:59 | Peon |
| 1:22 | Peon |
| 1:22 | Peon |
| 1:40 | Barracks |
| 1:52 | Peon |
| 2:03 | War Mill |
| 2:22 | War Stomp |
| 2:53 | Stronghold |
| 2:54 | Grunt |
| 3:10 | Voodoo Lounge |
| 3:19 | Voodoo Lounge |
| 3:22 | Grunt |
| 4:16 | Grunt |
| 4:16 | Grunt |
| 4:21 | Orc Burrow |
| 4:35 | Orc Burrow |
| 5:29 | Endurance Aura |
| 5:43 | Great Hall |
| 6:14 | Peon |
| 6:14 | Peon |
| 6:15 | Peon |
| 6:32 | Great Hall |
| 6:38 | Peon |
| 6:38 | Peon |
| 7:11 | Healing Salve |
| 7:12 | Lesser Clarity Potion |
| 7:23 | Peon |
| 7:27 | Grunt |
| 7:27 | Berserker Strength |
| 8:21 | Watch Tower |
| 8:51 | Grunt |
| 9:43 | Healing Wave |
| 9:49 | Endurance Aura |
| 9:54 | Fortress |
| 9:58 | Peon |
| 9:58 | Peon |
| 9:59 | Peon |
| 9:59 | Peon |
| 10:08 | Spirit Lodge |
| 10:15 | Tauren Totem |
| 10:23 | Tauren Totem |
| 10:45 | Grunt |
| 10:46 | Grunt |
| 12:14 | Shaman Adept Training |
| 12:17 | Tauren |
| 12:23 | Spirit Lodge |
| 12:31 | Peon |
| 12:31 | Peon |
| 12:36 | War Mill |
| 12:42 | Peon |
| 12:49 | Orc Burrow |
| 12:50 | Orc Burrow |
| 13:06 | Peon |
| 13:38 | Peon |
| 13:38 | Peon |
| 13:38 | Peon |
| 13:38 | Peon |
| 13:39 | Peon |
| 14:07 | Pulverize |
| 14:09 | Tauren |
| 14:10 | Tauren |
| 14:13 | Shaman Master Training |
| 14:16 | Shaman |
| 14:29 | Watch Tower |
| 14:30 | Watch Tower |
| 14:32 | Peon |
| 15:02 | Tauren |
| 15:04 | Tauren |
| 15:06 | Steel Armor |
| 15:08 | Steel Melee Weapons |
| 15:42 | Orc Burrow |
| 17:15 | Tauren |
| 17:18 | Shaman |
| 17:18 | Shaman |
| 17:20 | Shaman |
| 17:21 | Shaman |
| 17:54 | Tauren |
| 17:54 | Tauren |
| 18:06 | Burning Oil |
| 18:09 | Barracks |
| 20:08 | Great Hall |
| 21:13 | Great Hall |
| Right click | 992 |
| Select | 351 |
| Build/train/purchase | 86 |
| Misc. action | 32 |
| Use ability | 16 |
| Minimap ping | 6 |
| Remove unit | 4 |


| Wisp | 30 | 1800 | / | 0 |
| Archer | 22 | 2860 | / | 220 |
| Hippogryph | 4 | 640 | / | 80 |
| total: | 56 | 5300g | / | 300w |
| Ancient Protector | 4 | 540 | / | 320 |
| Moon Well | 4 | 720 | / | 160 |
| Ancient of War | 2 | 300 | / | 120 |
| Altar of Elders | 1 | 180 | / | 50 |
| Hunter's Hall | 1 | 210 | / | 100 |
| Tree of Life | 1 | 340 | / | 185 |
| Ancient of Wonders | 1 | 90 | / | 30 |
| Ancient of Wind | 2 | 300 | / | 280 |
| Tree of Ages | 1 | 320 | / | 180 |
| Tree of Eternity | 1 | 330 | / | 200 |
| total: | 16 | 2680g | / | 1245w |
| 0:07 | Wisp |
| 0:07 | Wisp |
| 0:07 | Wisp |
| 0:18 | Moon Well |
| 0:25 | Ancient of War |
| 0:26 | Wisp |
| 0:38 | Wisp |
| 0:50 | Wisp |
| 1:06 | Altar of Elders |
| 1:18 | Wisp |
| 1:23 | Moon Well |
| 1:31 | Archer |
| 1:43 | Archer |
| 1:50 | Wisp |
| 2:07 | Archer |
| 2:20 | Archer |
| 2:24 | Wisp |
| 2:43 | Moon Well |
| 3:49 | Archer |
| 3:49 | Archer |
| 3:55 | Hunter's Hall |
| 4:03 | Moon Well |
| 4:08 | Trueshot Aura |
| 4:19 | Archer |
| 5:16 | Strength of the Moon |
| 5:17 | Archer |
| 5:27 | Ancient Protector |
| 6:31 | Archer |
| 6:32 | Moon Armor |
| 6:36 | Wisp |
| 6:36 | Wisp |
| 6:36 | Wisp |
| 6:36 | Wisp |
| 6:36 | Wisp |
| 6:48 | Tree of Life |
| 7:05 | Archer |
| 7:38 | Wisp |
| 8:46 | Archer |
| 8:48 | Ultravision |
| 8:52 | Ancient Protector |
| 9:03 | Searing Arrows |
| 9:23 | Ancient of War |
| 9:38 | Tree of Ages |
| 9:46 | Ancient Protector |
| 10:00 | Wisp |
| 10:00 | Wisp |
| 10:00 | Wisp |
| 10:00 | Wisp |
| 10:02 | Wisp |
| 10:26 | Archer |
| 10:26 | Archer |
| 10:52 | Reinforced Hides |
| 10:55 | Archer |
| 10:55 | Archer |
| 10:57 | Archer |
| 11:19 | Trueshot Aura |
| 12:45 | Archer |
| 12:46 | Improved Bows |
| 12:48 | Archer |
| 12:49 | Improved Strength of the Moon |
| 12:52 | Nature's Blessing |
| 13:01 | Wisp |
| 13:01 | Wisp |
| 13:01 | Wisp |
| 13:04 | Wisp |
| 14:21 | Archer |
| 14:21 | Archer |
| 14:40 | Wisp |
| 14:41 | Wisp |
| 14:41 | Wisp |
| 14:46 | Ancient Protector |
| 14:54 | Entangling Roots |
| 15:01 | Improved Moon Armor |
| 15:06 | Wisp |
| 15:06 | Wisp |
| 15:06 | Wisp |
| 15:16 | Ancient of Wonders |
| 17:00 | Tree of Eternity |
| 17:16 | Improved Reinforced Hides |
| 17:22 | Ancient of Wind |
| 17:25 | Ancient of Wind |
| 18:59 | Hippogryph |
| 19:02 | Archer |
| 19:05 | Hippogryph |
| 19:05 | Hippogryph |
| 20:01 | Marksmanship |
| 20:01 | Archer |
| 20:05 | Hippogryph |
| 21:43 | Searing Arrows |
| Right click | 802 |
| Select | 318 |
| Chat | 167 |
| Build/train/purchase | 87 |
| Misc. action | 26 |
| Resource trade | 24 |
| Use ability | 7 |
| Remove unit | 2 |
| Minimap ping | 1 |
⇛